 Dungeon Crawl Stone Soup version 0.29-a0-1009-g60c99734e7 (webtiles) character file.

Game seed: 3357080653032121055

2360 snetch the Spear-Bearer (level 9, 0/118 HPs)
             Began as a Minotaur Berserker on Aug 8, 2022.
             Was an Elder of Trog.
             Succumbed to a killer bee's poison
             ... on level 7 of the Dungeon.
             The game lasted 00:14:30 (5907 turns).

snetch the Spear-Bearer (Minotaur Berserker)        Turns: 5907, Time: 00:14:30

Health: 0/118      AC:  8    Str: 26    XL:     9   Next: 21%
Magic:  8/8        EV: 12    Int:  4    God:    Trog [****..]
Gold:   286        SH:  0    Dex: 16    Spells: 8/8 levels left

rFire   . . .      SeeInvis +   a - +6 scythe
rCold   . . .      Faith    .   (shield currently unavailable)
rNeg    . . .      Spirit   .   l - +0 scale mail
rPois   .          Reflect  .   (helmet restricted)
rElec   .          Harm     .   (no cloak)
rCorr   .          Rampage  .   (no gloves)
Will    ++...                   C - +0 pair of boots
Stlth   ..........              (no amulet)
HPRegen 1.29/turn               h - ring of see invisible
MPRegen 0.11/turn               r - +6 ring of dexterity

@: berserking (expiring), lethally poisoned (0 -> -7), strong-willed,
regenerating, very quick
A: horns 2, retaliatory headbutt
a: Renounce Religion, Berserk, Trog's Hand, Brothers in Arms


You were on level 7 of the Dungeon.
You worshipped Trog.
Trog was greatly pleased with you.
You visited 1 branch of the dungeon, and saw 7 of its levels.
You also visited: Sewer.

You collected 286 gold pieces.

Inventory:

Hand Weapons
 a - a +6 scythe (weapon)
 j - a +0 mace
 I - a +1 hand axe of venom
Missiles
 d - 25 poisoned darts
 e - 20 stones
 D - 7 boomerangs (quivered)
Armour
 l - a +0 scale mail (worn)
 C - a +0 pair of boots (worn)
 G - an orb of mayhem
 J - a +0 chain mail
Jewellery
 h - a ring of see invisible (left hand)
 r - a +6 ring of dexterity (right hand)
 E - a +6 ring of intelligence
Scrolls
 c - a scroll of brand weapon {unknown}
 f - 5 scrolls of poison {unknown}
 g - 4 scrolls of enchant weapon {unknown}
 m - a scroll of teleportation {unknown}
 q - a scroll of fog {unknown}
 s - a scroll of enchant armour {unknown}
 x - a scroll of fear {unknown}
 y - a scroll of acquirement {unknown}
 z - 2 scrolls of blinking {unknown}
 B - a scroll of immolation {unknown}
 F - a scroll of identify {unknown}
Potions
 b - 2 potions of heal wounds {unknown}
 i - 4 potions of brilliance {unknown}
 k - 2 potions of mutation {unknown}
 n - 2 potions of invisibility {unknown}
 o - 6 potions of curing {unknown}
 p - a potion of might {unknown}
 t - a potion of attraction {unknown}
 u - 2 potions of berserk rage {unknown}
 v - a potion of lignification {unknown}
 w - a potion of haste
 A - a potion of ambrosia {unknown}
 H - a potion of resistance {unknown}


   Skills:
 + Level 7.1 Fighting
 + Level 5.5 Maces & Flails
 + Level 9.9 Polearms
 + Level 0.1 Throwing
 + Level 6.0 Armour
 + Level 4.6 Dodging
 + Level 2.1 Stealth


You had 8 spell levels left.
You didn't know any spells.
Your spell library contained the following spells:

 Spells                   Type           Power      Damage    Failure   Level
 Beastly Appendage        Tmut           0%         N/A       77%         1
 Magic Dart               Conj           0%         1d3       77%         1
 Call Imp                 Summ           0%         N/A       88%         2
 Scorch                   Fire           0%         2d5       88%         2
 Wereblood                Tmut           0%         N/A       88%         2
 Conjure Flame            Conj/Fire      0%         6-21      98%         3
 Ignite Poison            Fire/Tmut/Pois 0%         N/A       98%         3
 Mephitic Cloud           Conj/Pois/Air  0%         N/A       98%         3
 Spider Form              Tmut/Pois      0%         N/A       98%         3
 Flame Wave               Conj/Fire      0%         2d4       100%        4
 Hailstorm                Conj/Ice       0%         3d3       100%        4
 Ice Form                 Ice/Tmut       0%         N/A       100%        4
 Sticky Flame             Conj/Fire      0%         2d3       100%        4
 Simulacrum               Ice/Necr       0%         N/A       100%        6
 Summon Cactus Giant      Summ           0%         N/A       100%        6


Dungeon Overview and Level Annotations

Branches:
Dungeon (7/15)             Temple (0/1) D:7           Sewer (visited)

Altars:
Elyvilon
Vehumet

Shops:
D:6 [


Innate Abilities, Weirdness & Mutations

You have a pair of horns on your head.
You reflexively headbutt those who attack you in melee.


Message History

You completely miss the orc wizard.
You feel sick. The killer bee barely misses you.
The orc wizard hits you with a +1 dagger of venom.
* * * LOW HITPOINT WARNING * * *
You are more poisoned.
The orc closely misses you.
Unknown command.
You slash the orc wizard!
You kill the orc wizard!
Trog accepts your kill.
Trog appreciates your killing of a magic user.
You feel very sick. The killer bee stings you.
* * * LOW HITPOINT WARNING * * *
You are lethally poisoned!
The killer bee poisons you! The killer bee barely misses you.
The orc closely misses you.
You barely miss the killer bee.
* * * LOW HITPOINT WARNING * * *
You feel very sick.
The killer bee stings you but does no damage.
Unknown command.
You miss the killer bee.
* * * LOW HITPOINT WARNING * * *
You feel very sick. The killer bee barely misses you. You furiously retaliate!
You headbutt the killer bee. The ice beast closely misses you.
The orc hits you but does no damage.
Unknown command.
You are too berserk!
You closely miss the killer bee. Your headbutt misses the killer bee.
The killer bee is moderately wounded.
* * * LOW HITPOINT WARNING * * *
You feel very sick.
The killer bee stings you but does no damage.
The killer bee misses you. The ice beast misses you. The orc barely misses you.
You furiously retaliate!
You headbutt the orc. You closely miss the orc.
The orc is moderately wounded.
You die...

...........
..........#
......$...#
..........
.........#
.#.......#
......oY.#
...#.y@)#
#....>.#
###.)..##
..#
###...###
..# ###..)##
#..#
###).###
##..#
##)..###
#...#
###...###..#
###...#..#


You could see an ice beast, a killer bee and an orc.

Vanquished Creatures
  The ghost of Manisian the Caller, a novice TeSu (D:5)
  Sigmund (D:2)
  2 orc warriors (D:7)
  2 water moccasins
  An ice beast (D:5)
  2 black bears (D:5)
  2 phantoms
  A kobold brigand (Sewer)
  A bullfrog (D:6)
  A necrophage (D:4)
  2 scorpions
  5 killer bees (D:7)
  A hound (D:5)
  A jelly (D:6)
  5 orc priests
  An iguana (D:5)
  6 orc wizards
  15 adders
  A river rat (Sewer)
  3 worms
  15 orcs
  7 endoplasms
  3 giant cockroaches
  6 goblins
  7 hobgoblins
  9 jackals
  5 kobolds
  4 quokkas
  9 ball pythons
  3 bats
  7 frilled lizards
  9 rats
138 creatures vanquished.

Vanquished Creatures (others)
  21 plants
21 creatures vanquished.

Grand Total: 159 creatures vanquished

Notes
Turn   | Place    | Note
-------+----------+-------------------------------------------
     0 | D:1      | snetch the Minotaur Berserker began the quest for the Orb.
     0 | D:1      | Reached XP level 1. HP: 19/19 MP: 0/0
   218 | D:2      | Reached XP level 2. HP: 27/27 MP: 1/1
   872 | D:1      | Found a faded altar of an unknown god.
   906 | D:2      | Noticed Sigmund
   919 | D:2      | Killed Sigmund
   920 | D:2      | Reached skill level 5 in Fighting
   920 | D:2      | Reached skill level 5 in Maces & Flails
   920 | D:2      | Reached XP level 3. HP: 8/36 MP: 2/2
   920 | D:2      | Reached XP level 4. HP: 9/42 MP: 3/3
   920 | D:2      | Reached XP level 5. HP: 10/48 MP: 4/4
  2392 | D:4      | Reached ** piety under Trog
  2547 | D:4      | Reached skill level 1 in Polearms
  2554 | D:4      | Reached skill level 2 in Polearms
  2554 | D:4      | Reached skill level 1 in Stealth
  2554 | D:4      | Reached XP level 6. HP: 27/56 MP: 5/5
  3345 | D:5      | Entered Level 5 of the Dungeon
  3351 | D:5      | Reached skill level 3 in Polearms
  3443 | D:5      | Reached skill level 4 in Polearms
  3450 | D:5      | Found a radiant altar of Vehumet.
  3490 | D:5      | Found a glowing drain.
  3504 | Sewer    | Entered a sewer
  3597 | Sewer    | Reached XP level 7. HP: 61/61 MP: 6/6
  3952 | Sewer    | Reached *** piety under Trog
  3972 | Sewer    | Reached skill level 5 in Polearms
  4720 | D:5      | Found a runed translucent door.
  4721 | D:5      | Noticed Manisian's ghost (novice TeSu)
  4765 | D:5      | Reached skill level 6 in Polearms
  4778 | D:5      | Reached XP level 8. HP: 54/70 MP: 7/7
  4781 | D:5      | Reached skill level 5 in Armour
  5264 | D:5      | Found a white marble altar of Elyvilon.
  5365 | D:5      | Found a runed translucent door.
  5446 | D:5      | Killed Manisian's ghost
  5447 | D:5      | Reached skill level 7 in Polearms
  5604 | D:6      | Found Qawotiax's Armour Shop.
  5669 | D:6      | Reached skill level 8 in Polearms
  5746 | D:6      | Reached **** piety under Trog
  5837 | D:7      | Reached skill level 9 in Polearms
  5861 | D:7      | Found a staircase to the Ecumenical Temple.
  5875 | D:7      | Reached XP level 9. HP: 33/78 MP: 8/8
  5905 | D:7      | HP: 4/118 [poisoned by a killer bee]
  5906 | D:7      | HP: 1/118 [poisoned by a killer bee]
  5907 | D:7      | Succumbed to a killer bee's poison

Illustrated notes

Levels and vault maps discovered:
D:1:      nicolae_arrival_somewhat_less_tricky_arrival, layout_loops_ring,
          dreamdust_ecumenical_altar_statues, dreamdust_princess_corridor
D:2:      layout_basic, uniq_sigmund
D:3:      layout_loops_ring
D:4:      layout_rooms
D:5:      layout_basic, mainiacjoe_overflow_cross_hatched,
          general_overflow_altar, portal_sewer_entry_d, ebering_ghost_sewer_f
D:6:      layout_basic, lemuel_round_altar, serial_shops, kennysheep_little_box,
          corexii_leaking_fountain, kennysheep_generic_room_12
D:7:      layout_cave_pods, evilmike_ruin_ashenzari,
          minmay_temple_entry_offerings, enter_bailey_2

Skill      XL: |  1  2  3  4  5  6  7  8  9 |
---------------+----------------------------+-----
Maces & Flails | 5 |  5.5
Fighting       | 5 6 7 |  7.1
Dodging        | 3 4 |  4.6
Polearms       | 2 4 6 9 |  9.9
Armour         | 3 4 5 6 |  6.0
Stealth        | 1 2 |  2.1
Throwing       | |  0.1

Action                   |  1- 3 |  4- 6 |  7- 9 || total
-------------------------+-------+-------+-------++-------
Melee: Mace              |    39 |       |       ||    39
       Headbutt          |     2 |     7 |    20 ||    29
       Halberd           |       |    79 |   172 ||   251
Throw: Dart              |     1 |       |       ||     1
       Boomerang         |       |       |     1 ||     1
Invok: Berserk           |     1 |       |     1 ||     2
       Trog's Hand       |       |       |     1 ||     1
 Stab: Sleeping          |     1 |     1 |       ||     2
Armor: Animal skin       |     6 |     1 |       ||     7
       Scale mail        |       |    28 |    60 ||    88
Dodge: Dodged            |    27 |    40 |    92 ||   159

Table legend: (Time is in decaauts)
 A = Elapsed time spent in this place.
 B = Non-inter-level travel time spent in this place.
 C = Inter-level travel time spent in this place.
 D = Time resting spent in this place.
 E = Time spent auto-exploring this place.
 F = Levels seen in this place.
 G = Mean time per level.
                   A        B        C        D        E       F      G
               +--------+--------+--------+--------+--------+-----+--------+
         Total |   6165 |   6000 |    165 |    247 |   4038 |   8 |  770.6 |
       Dungeon |   5236 |   5071 |    165 |    247 |   3530 |   7 |  748.0 |
         Sewer |    928 |    928 |      0 |      0 |    508 |   1 |  928.0 |
               +--------+--------+--------+--------+--------+-----+--------+

Top non-repeatable levels by time:
     D:2: 1291 daAuts
     D:5: 1088 daAuts
     D:1: 1008 daAuts
   Sewer: 928 daAuts
     D:3: 822 daAuts
     D:4: 604 daAuts
     D:6: 345 daAuts
     D:7: 75 daAuts
